General information
			
			
        
        - name: BNet
 
        - type: Ladder team game (AT/RT)
 
        - host: Battle.net
 
        - saver: w00tah.com
 
        
map: RiverOfSouls 
        - players: 6
 
        - length: 70:03
 
        - speed: Fast
 - version: 1.22 W3XP
 - replay type:  Public
 
» download(449 KB)
Players
        team 1 (loser) 
              
              
BigPoppaPump (
green | 72 APM | 5040 actions | 70:01)
              
 5 Mountain King 
 3 Storm Bolt
 2 Bash
 4 Paladin 
 2 Holy Light
 2 Divine Shield
 
                » actions 
                
                | Assign group hotkey | 42 |  | 
| Basic commands | 153 |  | 
| Build / train | 154 |  | 
| ESC pressed | 2 |  | 
| Enter build submenu | 68 |  | 
| Enter hero's abilities submenu | 9 |  | 
| Give item / drop item | 3 |  | 
| Right click | 2402 |  | 
| Select / deselect | 551 |  | 
| Select group hotkey | 1179 |  | 
| Use ability | 477 |  | 
                5040 total
 » units 
                
                | Peasant | 29 |  | 
| Priest | 2 |  | 
| Sorceress | 2 |  | 
| Dragonhawk Rider | 1 |  | 
| Mortar Team | 8 |  | 
                42 total
 » upgrades
                
                | Masonry | 3 |  | 
| Lumber Harvesting | 2 |  | 
| Magic Sentry | 1 |  | 
| Priest Training | 2 |  | 
| Sorceress Training | 1 |  | 
| Cloud | 1 |  | 
| Animal War Training | 1 |  | 
| Armor | 3 |  | 
| Swords | 1 |  | 
| Gunpowder | 3 |  | 
| Fragmentation Shards | 1 |  | 
| Flare | 1 |  | 
                20 total
 » buildings
                
                | Altar of Kings | 2 |  | 
| Farm | 5 |  | 
| Scout Tower | 105 |  | 
| Lumber Mill | 1 |  | 
| Arcane Tower | 10 |  | 
| Guard Tower | 41 |  | 
| Town Hall | 1 |  | 
| Keep | 1 |  | 
| Arcane Vault | 2 |  | 
| Arcane Sanctum | 1 |  | 
| Castle | 1 |  | 
| Gryphon Aviary | 1 |  | 
| Blacksmith | 1 |  | 
| Barracks | 1 |  | 
| Workshop | 1 |  | 
                174 total
 » build order
                00:07 Altar of Kings
00:11 Altar of Kings
00:13 Farm
06:35 Scout Tower
07:26 Lumber Mill
07:28 Arcane Tower
08:20 Farm
08:42 Scout Tower
08:42 Scout Tower
09:11 Guard Tower
09:14 Scout Tower
09:15 Scout Tower
09:26 Scout Tower
10:10 Guard Tower
11:43 Scout Tower
11:44 Scout Tower
11:45 Scout Tower
11:46 Scout Tower
11:48 Scout Tower
11:49 Scout Tower
11:50 Scout Tower
11:51 Scout Tower
11:56 Scout Tower
11:57 Scout Tower
11:58 Scout Tower
11:59 Scout Tower
12:00 Scout Tower
12:11 Guard Tower
12:14 Guard Tower
12:15 Guard Tower
12:59 Guard Tower
13:02 Town Hall
13:04 Scout Tower
13:05 Scout Tower
13:06 Scout Tower
13:07 Scout Tower
13:10 Scout Tower
13:28 Guard Tower
13:30 Guard Tower
13:35 Guard Tower
14:33 Guard Tower
14:47 Guard Tower
14:57 Guard Tower
15:19 Keep
15:23 Arcane Vault
15:28 Arcane Vault
15:33 Scout Tower
15:33 Scout Tower
15:34 Scout Tower
15:36 Scout Tower
15:36 Scout Tower
15:37 Scout Tower
15:38 Scout Tower
15:39 Scout Tower
16:11 Guard Tower
17:01 Guard Tower
17:01 Guard Tower
17:25 Guard Tower
18:02 Arcane Sanctum
18:05 Castle
18:18 Guard Tower
18:22 Scout Tower
18:23 Scout Tower
18:23 Scout Tower
18:24 Scout Tower
18:25 Scout Tower
18:26 Scout Tower
18:38 Farm
18:39 Farm
18:42 Scout Tower
18:43 Scout Tower
18:44 Scout Tower
18:45 Scout Tower
18:49 Scout Tower
18:50 Scout Tower
18:51 Scout Tower
18:52 Scout Tower
19:05 Guard Tower
19:07 Guard Tower
19:13 Scout Tower
19:14 Scout Tower
19:14 Scout Tower
19:15 Scout Tower
19:16 Scout Tower
19:27 Guard Tower
19:27 Guard Tower
19:27 Guard Tower
19:30 Guard Tower
19:45 Guard Tower
20:08 Guard Tower
20:15 Guard Tower
20:34 Guard Tower
20:39 Guard Tower
21:32 Guard Tower
21:35 Scout Tower
21:36 Scout Tower
21:36 Scout Tower
21:39 Scout Tower
21:45 Scout Tower
21:46 Scout Tower
21:51 Scout Tower
21:52 Scout Tower
21:53 Scout Tower
21:54 Scout Tower
21:59 Scout Tower
22:02 Scout Tower
22:03 Scout Tower
22:04 Scout Tower
22:05 Scout Tower
22:08 Scout Tower
22:09 Scout Tower
22:10 Scout Tower
22:17 Guard Tower
22:40 Scout Tower
22:41 Scout Tower
22:42 Scout Tower
22:43 Guard Tower
23:06 Guard Tower
23:08 Scout Tower
23:08 Scout Tower
23:09 Scout Tower
23:10 Scout Tower
23:11 Scout Tower
23:11 Scout Tower
23:12 Scout Tower
23:13 Scout Tower
23:14 Scout Tower
23:14 Scout Tower
23:16 Scout Tower
23:16 Scout Tower
23:17 Scout Tower
23:36 Arcane Tower
24:05 Guard Tower
24:08 Guard Tower
24:10 Scout Tower
24:11 Scout Tower
25:40 Scout Tower
25:41 Scout Tower
25:43 Scout Tower
25:43 Scout Tower
26:13 Guard Tower
26:16 Guard Tower
27:11 Farm
27:21 Scout Tower
27:21 Scout Tower
27:22 Scout Tower
27:22 Scout Tower
27:23 Scout Tower
27:24 Scout Tower
27:32 Guard Tower
27:34 Scout Tower
27:35 Scout Tower
27:36 Scout Tower
28:23 Guard Tower
28:39 Arcane Tower
28:52 Arcane Tower
28:58 Gryphon Aviary
29:01 Blacksmith
29:13 Arcane Tower
29:44 Arcane Tower
30:07 Barracks
31:28 Arcane Tower
31:34 Scout Tower
31:34 Scout Tower
32:26 Arcane Tower
33:02 Arcane Tower
34:37 Scout Tower
34:38 Scout Tower
35:45 Guard Tower
35:47 Arcane Tower
48:01 Workshop
58:02 Scout Tower
58:46 Guard Tower
» items
                
                | Dust of Appearance | 1 |  | 
| Lesser Clarity Potion | 11 |  | 
| Healing Salve | 2 |  | 
| Staff of Teleportation | 2 |  | 
| Boots of Speed | 2 |  | 
| Potion of Healing | 4 |  | 
| Orb of Corruption | 1 |  | 
| Orb of Lightning | 1 |  | 
| Staff of Sanctuary | 2 |  | 
| Scroll of Regeneration | 1 |  | 
| Potion of Mana | 1 |  | 
                28 total
  
               
              
              
hobomachine321 (
purple | 102 APM | 7118 actions | 70:01)
              
 5 Blademaster 
 2 Wind Walk
 3 Critical Strike
 4 Shadow Hunter 
 2 Hex
 2 Healing Wave
 
                » actions 
                
                | Assign group hotkey | 33 |  | 
| Basic commands | 10 |  | 
| Build / train | 77 |  | 
| Enter build submenu | 52 |  | 
| Enter hero's abilities submenu | 9 |  | 
| Give item / drop item | 9 |  | 
| Remove unit from queue | 2 |  | 
| Right click | 3993 |  | 
| Select / deselect | 692 |  | 
| Select group hotkey | 1832 |  | 
| Use ability | 409 |  | 
                7118 total
 » units 
                
                | Peon | 16 |  | 
| Spirit Walker | 2 |  | 
| Raider | 7 |  | 
| Troll Batrider | 14 |  | 
                39 total
 » upgrades
                
                | Ensnare | 1 |  | 
| Spirit Walker Training | 1 |  | 
| Reinforced Defenses | 1 |  | 
| Pillage | 1 |  | 
| Liquid Fire | 1 |  | 
                5 total
 » buildings
                
                | Altar of Storms | 1 |  | 
| Orc Burrow | 6 |  | 
| Voodoo Lounge | 1 |  | 
| War Mill | 1 |  | 
| Watch Tower | 32 |  | 
| Stronghold | 1 |  | 
| Beastiary | 3 |  | 
| Spirit Lodge | 1 |  | 
| Great Hall | 1 |  | 
| Fortress | 1 |  | 
                48 total
 » build order
                00:06 Altar of Storms
00:10 Orc Burrow
00:31 Voodoo Lounge
01:36 War Mill
03:10 Watch Tower
04:06 Watch Tower
04:20 Stronghold
05:15 Orc Burrow
05:45 Watch Tower
06:47 Beastiary
06:49 Spirit Lodge
07:04 Orc Burrow
07:24 Great Hall
07:48 Watch Tower
07:49 Watch Tower
07:49 Watch Tower
08:53 Watch Tower
09:34 Watch Tower
10:48 Watch Tower
10:54 Watch Tower
11:53 Fortress
11:58 Watch Tower
13:05 Watch Tower
13:17 Watch Tower
14:23 Watch Tower
15:27 Watch Tower
16:40 Watch Tower
18:06 Watch Tower
18:13 Beastiary
18:15 Watch Tower
18:49 Watch Tower
18:53 Watch Tower
18:55 Watch Tower
19:16 Watch Tower
19:16 Watch Tower
19:22 Beastiary
21:01 Orc Burrow
21:49 Watch Tower
21:55 Watch Tower
21:57 Orc Burrow
22:00 Orc Burrow
23:15 Watch Tower
23:21 Watch Tower
26:17 Watch Tower
27:34 Watch Tower
27:35 Watch Tower
27:37 Watch Tower
27:37 Watch Tower
» items
                
                | Healing Salve | 4 |  | 
| Lesser Clarity Potion | 6 |  | 
| Boots of Speed | 1 |  | 
| Staff of Teleportation | 1 |  | 
| Orb of Lightning | 1 |  | 
| Scroll of Regeneration | 1 |  | 
| Staff of Sanctuary | 1 |  | 
                15 total
  
               
              
              
W00tah.c0m (
yellow | 107 APM | 7461 actions | 70:01)
              
 7 Death Knight 
 3 Death Coil
 3 Unholy Aura
 1 Death Pact
 5 Pit Lord 
 3 Rain of Fire
 2 Cleaving Attack
 
                » actions 
                
                | Assign group hotkey | 79 |  | 
| Basic commands | 161 |  | 
| Build / train | 99 |  | 
| ESC pressed | 24 |  | 
| Enter build submenu | 28 |  | 
| Enter hero's abilities submenu | 12 |  | 
| Give item / drop item | 11 |  | 
| Remove unit from queue | 1 |  | 
| Right click | 3232 |  | 
| Select / deselect | 814 |  | 
| Select group hotkey | 2375 |  | 
| Use ability | 625 |  | 
                7461 total
 » units 
                
                | Acolyte | 8 |  | 
| Gargoyle | 10 |  | 
| Ghoul | 2 |  | 
| Crypt Fiend | 9 |  | 
| Obsidian Statue | 2 |  | 
| Frost Wyrm | 3 |  | 
| Banshee | 3 |  | 
                37 total
 » upgrades
                
                | Creature Attack | 3 |  | 
| Creature Carapace | 4 |  | 
| Stone Form | 1 |  | 
| Web | 1 |  | 
| Ghoul Frenzy | 1 |  | 
| Burrow | 1 |  | 
| Freezing Breath | 1 |  | 
| Banshee Training | 2 |  | 
                14 total
 » buildings
                
                | Halls of the Dead | 3 |  | 
| Altar of Darkness | 2 |  | 
| Ziggurat | 9 |  | 
| Graveyard | 1 |  | 
| Crypt | 4 |  | 
| Nerubian Tower | 1 |  | 
| Tomb of Relics | 1 |  | 
| Black Citadel | 1 |  | 
| Sacrificial Pit | 1 |  | 
| Boneyard | 3 |  | 
| Spirit Tower | 1 |  | 
| Slaughterhouse | 1 |  | 
| Temple of the Damned | 1 |  | 
                29 total
 » build order
                00:35 Halls of the Dead
00:35 Halls of the Dead
00:40 Altar of Darkness
00:55 Ziggurat
01:02 Graveyard
01:38 Crypt
01:41 Crypt
01:43 Crypt
01:46 Crypt
01:52 Ziggurat
02:10 Ziggurat
02:12 Ziggurat
02:44 Nerubian Tower
02:48 Tomb of Relics
04:27 Black Citadel
07:44 Sacrificial Pit
09:17 Ziggurat
09:18 Ziggurat
09:19 Ziggurat
09:34 Boneyard
10:15 Boneyard
10:16 Boneyard
16:34 Spirit Tower
29:46 Slaughterhouse
30:21 Altar of Darkness
30:22 Ziggurat
30:22 Ziggurat
49:12 Temple of the Damned
» items
                
                | Potion of Healing | 2 |  | 
| Orb of Corruption | 1 |  | 
| Scroll of Town Portal | 4 |  | 
| Staff of Teleportation | 3 |  | 
| Scroll of Protection | 1 |  | 
| Scroll of Healing | 3 |  | 
| Potion of Lesser Invulnerability | 3 |  | 
| Orb of Lightning | 1 |  | 
| Boots of Speed | 2 |  | 
| Staff of Sanctuary | 2 |  | 
                22 total
  
               team 2 (winner) 
              
              
bigot_redneck (
orange | 50 APM | 3520 actions | 70:01)
              
 5 Blademaster 
 3 Wind Walk
 2 Critical Strike
 1 Pandaren Brewmaster 
 1 Breath of Fire
 1 Tauren Chieftain 
 1 Shockwave
 
                » actions 
                
                | Assign group hotkey | 34 |  | 
| Basic commands | 21 |  | 
| Build / train | 71 |  | 
| Enter build submenu | 33 |  | 
| Enter hero's abilities submenu | 9 |  | 
| Give item / drop item | 4 |  | 
| Remove unit from queue | 3 |  | 
| Right click | 2141 |  | 
| Select / deselect | 822 |  | 
| Select group hotkey | 47 |  | 
| Use ability | 335 |  | 
                3520 total
 » units 
                
                | Peon | 13 |  | 
| Troll Batrider | 16 |  | 
| Kodo Beast | -1 |  | 
| Wind Rider | 6 |  | 
                34 total
 » upgrades
                
                | Reinforced Defenses | 1 |  | 
| Ranged Weapons | 3 |  | 
| Armor | 1 |  | 
| Envenomed Spears | 1 |  | 
| Spiked Barricades | 1 |  | 
                7 total
 » buildings
                
                | Altar of Storms | 1 |  | 
| Orc Burrow | 5 |  | 
| War Mill | 1 |  | 
| Stronghold | 1 |  | 
| Watch Tower | 17 |  | 
| Voodoo Lounge | 1 |  | 
| Beastiary | 3 |  | 
| Fortress | 1 |  | 
| Scout Tower | 9 |  | 
| Guard Tower | 1 |  | 
                40 total
 » build order
                00:04 Altar of Storms
00:22 Orc Burrow
00:40 War Mill
02:02 Stronghold
02:18 Watch Tower
03:10 Voodoo Lounge
03:34 Watch Tower
03:48 Watch Tower
04:33 Beastiary
04:34 Beastiary
05:46 Orc Burrow
05:48 Orc Burrow
07:04 Beastiary
07:46 Orc Burrow
09:09 Watch Tower
10:08 Watch Tower
11:54 Watch Tower
12:15 Orc Burrow
13:23 Fortress
16:03 Watch Tower
16:31 Watch Tower
17:02 Watch Tower
18:06 Watch Tower
18:16 Watch Tower
18:50 Watch Tower
19:24 Watch Tower
20:11 Watch Tower
20:13 Watch Tower
21:46 Watch Tower
25:49 Watch Tower
63:38 Scout Tower
63:38 Scout Tower
63:39 Scout Tower
63:39 Scout Tower
63:40 Scout Tower
63:40 Scout Tower
63:41 Scout Tower
63:42 Scout Tower
63:42 Scout Tower
64:16 Guard Tower
» items
                
                | Circlet of Nobility | 1 |  | 
| Boots of Speed | 3 |  | 
| Staff of Teleportation | 1 |  | 
| Healing Salve | 2 |  | 
| Lesser Clarity Potion | 1 |  | 
| Orb of Lightning | 1 |  | 
                9 total
  
               
              
              
» 
Dexanth (
pink | 79 APM | 4803 actions | 60:59)
              
 4 Mountain King 
 2 Storm Bolt
 2 Bash
 3 Paladin 
 2 Holy Light
 1 Divine Shield
 1 Pandaren Brewmaster 
 1 Breath of Fire
 
                » actions 
                
                | Assign group hotkey | 80 |  | 
| Basic commands | 13 |  | 
| Build / train | 107 |  | 
| Enter build submenu | 48 |  | 
| Enter hero's abilities submenu | 9 |  | 
| Give item / drop item | 12 |  | 
| Remove unit from queue | 8 |  | 
| Right click | 2344 |  | 
| Select / deselect | 623 |  | 
| Select group hotkey | 1198 |  | 
| Use ability | 361 |  | 
                4803 total
 » units 
                
                | Peasant | 12 |  | 
| Priest | 4 |  | 
| Sorceress | 2 |  | 
| Dragonhawk Rider | 1 |  | 
| Gryphon Rider | 11 |  | 
                30 total
 » upgrades
                
                | Masonry | 3 |  | 
| Magic Sentry | 1 |  | 
| Priest Training | 2 |  | 
| Sorceress Training | 2 |  | 
| Armor | 3 |  | 
| Animal War Training | 1 |  | 
| Cloud | 1 |  | 
| Plating | 0 |  | 
| Storm Hammers | 1 |  | 
| Swords | 3 |  | 
                17 total
 » buildings
                
                | Altar of Kings | 1 |  | 
| Farm | 15 |  | 
| Lumber Mill | 1 |  | 
| Scout Tower | 31 |  | 
| Arcane Tower | 5 |  | 
| Guard Tower | 18 |  | 
| Keep | 1 |  | 
| Arcane Vault | 1 |  | 
| Arcane Sanctum | 1 |  | 
| Castle | 1 |  | 
| Blacksmith | 1 |  | 
| Barracks | 1 |  | 
| Gryphon Aviary | 2 |  | 
                79 total
 » build order
                00:07 Altar of Kings
00:22 Farm
00:36 Lumber Mill
01:00 Scout Tower
01:23 Scout Tower
01:26 Scout Tower
01:33 Arcane Tower
02:05 Arcane Tower
02:13 Farm
02:17 Scout Tower
02:18 Guard Tower
02:48 Scout Tower
02:49 Scout Tower
02:51 Scout Tower
02:51 Guard Tower
02:53 Farm
03:34 Guard Tower
03:37 Scout Tower
03:41 Scout Tower
03:52 Guard Tower
04:12 Keep
04:36 Guard Tower
04:38 Scout Tower
04:40 Scout Tower
04:41 Scout Tower
05:35 Arcane Vault
05:53 Scout Tower
05:59 Guard Tower
06:02 Scout Tower
06:35 Scout Tower
06:38 Guard Tower
06:41 Arcane Tower
06:43 Scout Tower
06:54 Scout Tower
06:55 Scout Tower
07:07 Guard Tower
07:15 Scout Tower
07:19 Guard Tower
07:50 Guard Tower
07:52 Scout Tower
08:13 Arcane Sanctum
08:33 Guard Tower
08:51 Castle
09:20 Scout Tower
09:21 Scout Tower
09:22 Scout Tower
09:22 Scout Tower
09:40 Scout Tower
09:42 Scout Tower
09:43 Scout Tower
09:43 Scout Tower
09:45 Scout Tower
10:08 Guard Tower
10:09 Guard Tower
10:10 Guard Tower
10:11 Guard Tower
10:13 Scout Tower
10:15 Scout Tower
11:08 Guard Tower
11:40 Guard Tower
12:29 Blacksmith
15:37 Barracks
16:13 Gryphon Aviary
17:28 Gryphon Aviary
18:23 Farm
18:51 Farm
18:54 Farm
21:32 Farm
30:14 Arcane Tower
30:15 Guard Tower
31:33 Arcane Tower
38:03 Farm
38:05 Farm
38:06 Farm
38:07 Farm
38:10 Farm
38:11 Farm
39:55 Farm
39:56 Farm
» items
                
                | Boots of Speed | 3 |  | 
| Staff of Teleportation | 4 |  | 
| Lesser Clarity Potion | 4 |  | 
| Scroll of Town Portal | 3 |  | 
| Orb of Fire | 1 |  | 
| Staff of Sanctuary | 1 |  | 
| Orb of Lightning | 1 |  | 
| Healing Salve | 1 |  | 
                18 total
  
               
              
              
w00tah.com (
red | 21 APM | 1481 actions | 70:03)
              
 4 Archmage 
 1 Summon Water Elemental
 2 Brilliance Aura
 1 Blizzard
 1 Blood Mage 
 1 Flame Strike
 
                » actions 
                
                | Assign group hotkey | 7 |  | 
| Basic commands | 15 |  | 
| Build / train | 78 |  | 
| Enter build submenu | 32 |  | 
| Enter hero's abilities submenu | 4 |  | 
| Remove unit from queue | 8 |  | 
| Right click | 745 |  | 
| Select / deselect | 382 |  | 
| Select group hotkey | 6 |  | 
| Use ability | 204 |  | 
                1481 total
 » units 
                
                | Peasant | 26 |  | 
| Footman | 3 |  | 
| Rifleman | 3 |  | 
| Dragonhawk Rider | 9 |  | 
| Gryphon Rider | 1 |  | 
                42 total
 » upgrades
                
                | Masonry | 3 |  | 
| Cloud | 1 |  | 
| Animal War Training | 1 |  | 
| Armor | 2 |  | 
| Swords | 1 |  | 
| Magic Sentry | 1 |  | 
                9 total
 » buildings
                
                | Altar of Kings | 1 |  | 
| Farm | 11 |  | 
| Barracks | 1 |  | 
| Scout Tower | 17 |  | 
| Arcane Tower | 1 |  | 
| Keep | 1 |  | 
| Blacksmith | 1 |  | 
| Arcane Vault | 2 |  | 
| Lumber Mill | 1 |  | 
| Guard Tower | 5 |  | 
| Gryphon Aviary | 2 |  | 
| Castle | 1 |  | 
| Arcane Sanctum | 1 |  | 
                45 total
 » build order
                00:06 Altar of Kings
00:22 Farm
00:31 Farm
00:52 Barracks
01:40 Scout Tower
02:00 Farm
02:10 Arcane Tower
03:37 Keep
03:41 Blacksmith
05:51 Scout Tower
06:00 Arcane Vault
10:12 Scout Tower
10:14 Scout Tower
10:19 Scout Tower
10:22 Scout Tower
10:23 Scout Tower
10:26 Scout Tower
10:29 Scout Tower
10:54 Lumber Mill
12:08 Guard Tower
12:56 Guard Tower
14:10 Scout Tower
14:11 Scout Tower
14:13 Scout Tower
14:14 Scout Tower
14:19 Guard Tower
14:23 Gryphon Aviary
15:04 Guard Tower
16:01 Castle
16:09 Arcane Vault
18:36 Gryphon Aviary
20:24 Farm
20:26 Farm
20:28 Farm
20:29 Farm
22:15 Arcane Sanctum
40:28 Farm
40:30 Farm
40:32 Farm
40:34 Farm
64:24 Scout Tower
64:25 Scout Tower
64:26 Scout Tower
64:28 Scout Tower
64:59 Guard Tower
» items
                
                | Ivory Tower | 3 |  | 
| Tome of Retraining | 1 |  | 
                4 total
  
                Chat log
          (00:12 / Allies) bigot_redneck: what do you wanna do
(00:16 / Allies) Dexanth: Mountain kang
(00:18 / Allies) w00tah.com: tower ramps
(00:29 / Allies) bigot_redneck: they are tower people
(00:38 / Allies) Dexanth: so?
(00:42 / All) W00tah.c0m: hi HI
(00:42 / Allies) w00tah.com: then i'll no rifles/ casters
(00:45 / All) W00tah.c0m: hey GL n HF
(00:52 / Allies) Dexanth: nobody good
(00:55 / Allies) Dexanth: would steal w00tah's name
(01:18 / Allies) bigot_redneck: thats bare end
(01:21 / All) W00tah.c0m:  ??
(01:23 / All) W00tah.c0m: hello
(01:29 / Allies) bigot_redneck: F
(01:29 / All) W00tah.c0m: r u there
(02:15 / Allies) bigot_redneck: there gonna take the expos
(02:25 / Allies) w00tah.com: then we get 'em first
(03:19 / All) W00tah.c0m: DEATH COIL
(04:01 / Allies) bigot_redneck: ok
(04:05 / Allies) bigot_redneck: kill heros
(06:00 / Allies) bigot_redneck: expo
(06:07 / All) w00tah.com: booooo
(06:10 / All) W00tah.c0m: 2ez
(06:22 / Allies) bigot_redneck: gonna have bats
(06:30 / Allies) bigot_redneck: lots of bats
(06:50 / Allies) bigot_redneck: gold
(07:13 / Allies) Dexanth: bats now
(08:11 / Allies) bigot_redneck: do it
(08:27 / Allies) bigot_redneck: they have no units
(08:37 / Allies) Dexanth: why did only i tower ugh
(08:46 / Allies) bigot_redneck: good Q
(09:27 / Allies) w00tah.com: no gold
(11:57 / Allies) Dexanth: upgrade them
(12:00 / Allies) w00tah.com: no mill
(12:04 / Allies) w00tah.com: they killed it
(12:10 / Allies) bigot_redneck: send peons
(12:14 / Allies) Dexanth: I cant
(12:17 / Allies) Dexanth: they keep getting raped
(12:30 / Allies) bigot_redneck: then we lolt
(12:57 / Allies) bigot_redneck: get cloud I guess
(13:08 / Allies) Dexanth: wootah can do that
(13:15 / Allies) bigot_redneck: thats way 2 late
(13:17 / Allies) Dexanth: get t3
(13:20 / Allies) Dexanth: we need lightning orbs
(13:27 / Allies) Dexanth: bat
(14:40 / Allies) bigot_redneck: fight
(14:43 / Allies) bigot_redneck: send
(15:12 / Allies) bigot_redneck: get cloud
(15:18 / Allies) bigot_redneck: stop back stabing
(15:20 / Allies) Dexanth: i am getting
(15:23 / Allies) Dexanth: invis
(15:24 / Allies) Dexanth: for your bats
(15:30 / Allies) bigot_redneck: useless
(15:50 / Allies) Dexanth: Thats nice
(15:52 / Allies) bigot_redneck: that have all the gold
(16:04 / Allies) Dexanth: well if you guys would tower
(16:13 / Allies) w00tah.com: john said not to tower
(16:14 / Allies) bigot_redneck: if you got cloud
(16:18 / Allies) bigot_redneck: we can win now
(16:22 / Allies) Dexanth: Invis is up
(16:26 / Allies) Dexanth: get some bats invised
(16:32 / All) BigPoppaPump: why did you guys tower so early
(16:36 / Allies) bigot_redneck: they have no air
(16:40 / All) BigPoppaPump: late tower strat is dominant.....
(16:41 / Allies) Dexanth: i have cloud inc
(16:58 / Allies) Dexanth: also who the hell IS that
(17:08 / Allies) bigot_redneck: timg and bare end
(17:20 / Allies) Dexanth: they are playing too terribly
(17:22 / Allies) Dexanth: to be them
(17:31 / Allies) bigot_redneck: we need that expo
(17:38 / All) w00tah.com: it could be kunt and dirt or some other combo 
(18:07 / All) W00tah.c0m: ghahahahaha
(18:12 / All) Dexanth: Congrats
(18:16 / Allies) Dexanth: they didnt get the xp
(18:31 / Allies) bigot_redneck: they have so many towers
(18:34 / All) W00tah.c0m: lol
(18:38 / All) W00tah.c0m: lolumad
(18:40 / Allies) w00tah.com: cloud id researching
(19:02 / Allies) w00tah.com: cloud ready
(19:07 / Allies) w00tah.com: say when
(19:09 / Allies) bigot_redneck: get mini towers and shit
(19:11 / Allies) bigot_redneck: then go
(19:15 / Allies) bigot_redneck: wait for dex
(19:30 / Allies) Dexanth: getting some Gs
(19:39 / Allies) bigot_redneck: ill use the book
(19:42 / Allies) w00tah.com: go go
(19:47 / Allies) Dexanth: not yet
(19:47 / Allies) Dexanth: not ready
(20:07 / Allies) bigot_redneck: we need mor
(20:37 / Allies) Dexanth: go ahead
(21:08 / Allies) Dexanth: out
(21:39 / All) W00tah.c0m: shittz
(22:04 / Allies) Dexanth: keep making them tp
(22:10 / Allies) Dexanth: them immediately flee
(23:00 / Allies) bigot_redneck: wootah
(23:06 / Allies) w00tah.com: ?
(23:36 / All) hobomachine321: wootah
(23:40 / Allies) Dexanth: get pandas
(23:41 / Allies) Dexanth: tc
(23:42 / Allies) Dexanth: etc
(23:42 / All) hobomachine321: why do you even play this game
(23:43 / All) BigPoppaPump: really
(23:48 / All) BigPoppaPump: like im not going to make an arcan
(23:56 / All) BigPoppaPump: wopops
(23:56 / All) w00tah.com: i wasn't invis
(24:01 / All) bigot_redneck: you just did the same thing lol
(24:09 / Allies) Dexanth: get am here
(24:12 / Allies) Dexanth: so i can om nom aura
(24:46 / Allies) bigot_redneck: help
(24:54 / All) hobomachine321: john
(24:56 / All) hobomachine321: like that?
(24:57 / All) hobomachine321: lmfao
(25:03 / All) w00tah.com: with what shall i help you dear john dear john
(25:19 / Allies) bigot_redneck: wootah
(25:24 / Allies) bigot_redneck: what are you doing m8
(25:39 / All) hobomachine321: worst team imaginable
(25:41 / Allies) bigot_redneck: your like a non player
(25:41 / All) W00tah.c0m: I hope i get Doom this game
(25:45 / Allies) w00tah.com: playing defense, getting rady to cloud when you're ready to attack
(25:47 / All) W00tah.c0m: it will be your Doom
(26:04 / Allies) Dexanth: you guys are both playing terribly
(26:07 / Allies) Dexanth: chill here
(26:08 / Allies) Dexanth: we'll just
(26:11 / Allies) Dexanth: keep shockwaveing
(26:12 / Allies) Dexanth: BoF
(26:12 / Allies) Dexanth: etc
(26:25 / All) hobomachine321: i got 13k gold maybe i drop you some tinyhalls
(26:43 / All) w00tah.com: there's a shade in my base !!!!
(28:35 / Allies) bigot_redneck: goon v goon games are always fun when it isn't fag niggers on the other
(28:58 / Allies) bigot_redneck: like when I massed pandas vs dexanth
(29:53 / Allies) Dexanth: wootah
(29:56 / Allies) Dexanth: nm
(29:58 / Allies) bigot_redneck: this isn't fun or going 2 work
(31:03 / Allies) w00tah.com: who moved my am ?
(31:26 / Allies) w00tah.com: u fags he was on hold pos
(31:45 / All) hobomachine321: good bof
(31:46 / Allies) Dexanth: wootah get
(31:47 / Allies) Dexanth: a blood mage
(31:52 / Allies) Dexanth: and buy a tome
(31:54 / Allies) Dexanth: for your am
(31:56 / Allies) Dexanth: respec him to blizz
(32:24 / All) W00tah.c0m: hey
(32:27 / All) W00tah.c0m: brb pizza
(32:28 / All) w00tah.com: yo
(32:30 / All) BigPoppaPump: one sec please 
(32:32 / All) hobomachine321: he just be a moment/minute
(32:34 / All) BigPoppaPump: guy @ the door he gotta pay
(32:35 / All) BigPoppaPump: for reall.
(32:38 / All) hobomachine321: thanks dexanth
(32:41 / All) BigPoppaPump: come, on, guys, whats, wrong, with, U.
(32:44 / All) Dexanth: Y/w
(32:46 / All) hobomachine321: eric you always tried to manner
(32:53 / All) BigPoppaPump: ty vm for pausing
(32:58 / All) BigPoppaPump: thxs
(33:05 / Allies) Dexanth: tim
(33:06 / Allies) Dexanth: get a TC
(33:10 / Allies) Dexanth: we need as much tower killing ae
(33:11 / Allies) Dexanth: as we can
(33:23 / Allies) bigot_redneck: they dont need towers 2 win
(33:30 / Allies) Dexanth: No
(33:33 / Allies) Dexanth: but they keep wasting money
(33:35 / Allies) Dexanth: on fixing them
(34:39 / All) W00tah.c0m: Im listening to Fantasy by Earth Wind & Fire
(34:39 / Allies) Dexanth: start flamestrikin
(34:49 / All) w00tah.com: Earth wind and fire, heed my call
(35:00 / All) BigPoppaPump: miss
(35:00 / Allies) Dexanth: john
(35:01 / All) hobomachine321: good wave john
(35:02 / Allies) Dexanth: get into range
(35:04 / Allies) Dexanth: cripes
(35:06 / All) BigPoppaPump: sorry johnny math
(35:12 / All) hobomachine321: another
(35:18 / All) W00tah.c0m: u would have been better off
(35:18 / All) hobomachine321: is that a sign of your retard rage?
(35:21 / All) W00tah.c0m: getting a SH with wards
(35:23 / Allies) bigot_redneck: im trying 2 do that
(35:27 / All) W00tah.c0m: shoot out towrs 1 shot at a time
(35:29 / Allies) Dexanth: get to there
(35:39 / Allies) Dexanth: you have
(35:41 / Allies) Dexanth: awful aim
(35:42 / All) hobomachine321: blahahahahahahahaha
(35:49 / Allies) bigot_redneck: i know
(36:12 / Allies) w00tah.com: we're losing the money trade-off
(36:17 / All) BigPoppaPump: jm what did you even hit
(36:18 / Allies) Dexanth: yes
(36:19 / Allies) Dexanth: so start
(36:21 / Allies) Dexanth: flamestriking
(36:21 / All) BigPoppaPump: you cant bof the water.
(36:22 / Allies) Dexanth: christ
(36:28 / All) hobomachine321: maken soup maybe
(36:38 / Allies) w00tah.com: dead bm in 3....2....1
(36:39 / All) W00tah.c0m: damn
(37:57 / Allies) Dexanth: John
(37:58 / Allies) Dexanth: give me
(38:01 / Allies) Dexanth: a fuckton of gold
(38:21 / All) W00tah.c0m: lol.
(38:24 / All) W00tah.c0m: sad
(38:25 / All) hobomachine321: m
(38:25 / All) hobomachine321: a
(38:26 / All) hobomachine321: o
(38:35 / All) W00tah.c0m: dexanth
(38:40 / All) Dexanth: Wat
(38:42 / All) W00tah.c0m: i know you are bad
(38:50 / All) W00tah.c0m: butr why do u play with these fags
(38:59 / All) W00tah.c0m: thats lower than I thought u would stoop
(39:00 / All) Dexanth: Nothin better to do
(39:08 / All) W00tah.c0m: its like you just take a poop on urself
(39:16 / All) Dexanth: You've gotten bad at trash talking
(39:16 / All) hobomachine321: dexanth when i want to play war3
(39:19 / All) w00tah.com: i may be a noob, or a scrub, but i resent being called a fag
(39:26 / All) hobomachine321: and intelligent successful attractive young men like myself aren't online
(39:28 / All) hobomachine321: i play solo.
(40:10 / Allies) Dexanth: im getting a fuckton of gryphons
(40:11 / All) BigPoppaPump: lol!!!!!!
(40:12 / All) hobomachine321: kablam
(40:14 / Allies) Dexanth: we're going to go in
(40:16 / Allies) Dexanth: with mad clouds
(40:32 / Allies) Dexanth: up here
(40:35 / Allies) bigot_redneck: ok
(40:39 / Allies) Dexanth: scrap that
(40:39 / Allies) bigot_redneck: sounds good
(40:40 / All) hobomachine321: who's done with their semester?
(40:41 / Allies) Dexanth: we're hitting UD
(40:43 / Allies) w00tah.com: i can also get gryphons
(40:54 / Allies) bigot_redneck: hhahah
(40:55 / Allies) Dexanth: yours arent teched
(40:58 / Allies) bigot_redneck: did you see that
(40:59 / All) hobomachine321: i am.
(41:00 / Allies) Dexanth: just get more hawks if anything
(41:15 / Allies) bigot_redneck: i saved that lil guy
(42:02 / All) W00tah.c0m: HeHE
(42:10 / Allies) Dexanth: Hmm
(42:18 / Allies) Dexanth: meh
(42:22 / Allies) Dexanth: time to wait for them to get bored
(42:25 / Allies) w00tah.com: we hitting ud then ?
(42:29 / Allies) Dexanth: no
(42:31 / Allies) Dexanth: not with those bats
(42:43 / Allies) w00tah.com: whats the plan then ?
(42:46 / Allies) Dexanth: we need to deal with them first
(43:00 / Allies) bigot_redneck: kill all nigger I guess
(43:06 / Allies) Dexanth: yea
(43:10 / Allies) Dexanth: harass with BM
(43:16 / Allies) Dexanth: try to get a tp
(44:06 / Allies) Dexanth: Dont even
(44:08 / Allies) Dexanth: talk to them
(44:09 / Allies) w00tah.com: i'm reverse trolling them
(44:11 / Allies) Dexanth: They get off on it
(44:14 / Allies) Dexanth: No, you're not
(44:18 / Allies) w00tah.com: i'm loving on them
(44:21 / Allies) w00tah.com: kissing they ass
(44:27 / Allies) Dexanth: Yea
(44:28 / Allies) Dexanth: Don't
(44:53 / All) bigot_redneck: no it wasn't
(46:02 / Allies) Dexanth: Stpo
(46:05 / Allies) Dexanth: talking ot them
(46:06 / Allies) Dexanth: christ
(46:17 / Allies) bigot_redneck: i have them muted
(46:25 / Allies) Dexanth: Good plan
(47:17 / Allies) bigot_redneck: keep saying stfu fagget
(47:22 / Allies) bigot_redneck: over and over again
(47:33 / Allies) bigot_redneck: for the next 3 hours
(47:43 / Allies) bigot_redneck: can you do that wootah
(47:47 / Allies) w00tah.com: neg
(48:02 / Allies) Dexanth: Wootah, go FS
(48:06 / Allies) Dexanth: if they snare you
(48:08 / Allies) Dexanth: mad gryph attack
(48:15 / Allies) w00tah.com: rgr
(48:49 / Allies) w00tah.com: way to redirect my guy
(48:52 / Allies) w00tah.com: thanks for that
(48:54 / Allies) Dexanth: You were running him
(48:56 / Allies) Dexanth: into their base
(48:57 / Allies) w00tah.com: no i wasn't
(49:00 / Allies) Dexanth: I at least told him to run away
(49:38 / Allies) Dexanth: Its kuntroll
(51:54 / Allies) w00tah.com: see the troll is working
(52:16 / Allies) bigot_redneck: I am mad ... not
(54:07 / Allies) bigot_redneck: afk they prob keep this up for a few hours
(54:13 / Allies) bigot_redneck: have fun
(58:25 / Allies) Dexanth: to do what
(59:20 / Allies) bigot_redneck: wow your retarded
(59:28 / Allies) bigot_redneck: what was that about
(59:39 / Allies) w00tah.com: they're liars is what
(59:47 / Allies) bigot_redneck: no shit
(59:48 / All) BigPoppaPump: you like m y mh>?
(60:05 / All) w00tah.com: backstabbing in this
(60:32 / All) hobomachine321: i thank ye
(60:35 / All) hobomachine321: and then i spank ye
(60:53 / Allies) bigot_redneck: that was bad timing you fuck
(60:56 / Allies) Dexanth: no
(60:58 / Allies) Dexanth: Im done
(61:00 / Allies) bigot_redneck: i had no hp
(61:04 / All) W00tah.c0m: WELP{
(61:05 / All) BigPoppaPump: is that a ragequit
(61:08 / All) BigPoppaPump: i think it was.
(61:10 / All) hobomachine321: aw poor baby raging & quitting
(61:12 / All) hobomachine321: shitnoobs
(61:13 / All) hobomachine321: quitnoobs
(63:49 / Allies) bigot_redneck: make towers
(63:55 / All) w00tah.com: no money
(64:00 / All) hobomachine321: no skill
(64:02 / Allies) bigot_redneck: 400
(64:04 / All) W00tah.c0m: like
(64:07 / All) W00tah.c0m: dex i can understand
(64:09 / All) W00tah.c0m: but john m>"????
(64:20 / All) hobomachine321: http://highper.ch/ for more replays of shitbit birdnoobs owned by Clan Towa
(64:51 / All) BigPoppaPump: jiggy math you gonna take this.
(66:01 / All) BigPoppaPump: jm
(66:04 / All) BigPoppaPump: U da funniest
(66:07 / All) BigPoppaPump: keep on truckin
(69:50 / All) W00tah.c0m: 2ez